 Dungeon Crawl Stone Soup version 0.27.1-15-g792fb953b9 (webtiles) character file.

Game seed: 18376274092571256391

91 croobank the Slasher (level 4, -1/38 HPs)
             Began as a Barachi Chaos Knight on Nov 18, 2021.
             Was a Plaything of Xom.
             Killed from afar by an orc wizard (4 damage)
             ... with a puff of flame
             ... on level 3 of the Dungeon.
             The game lasted 00:17:39 (2531 turns).

croobank the Slasher (Barachi Chaos Knight)         Turns: 2531, Time: 00:17:42

Health: -1/38      AC:  7    Str: 14      XL:     4   Next: 57%
Magic:  4/4        EV: 10    Int: 13      God:    Xom [*.....]
Gold:   63         SH:  0    Dex: 10 (11) Spells: 3/3 levels left

rFire    + . .     SeeInvis .   a - +1 falchion (chaos)
rCold    . . .     Faith    .   (no shield)
rNeg     . . .     Spirit   .   i - +2 ring mail {rF+}
rPois    .         Reflect  .   (no helmet)
rElec    .         Harm     .   (no cloak)
rCorr    .         Rampage  .   (no gloves)
Will     .....                  (no boots)
Stlth    +.........             c - amulet of magic regeneration
HPRegen  0.12/turn              (no ring)
MPRegen  0.34/turn              (no ring)

@: unable to read, slow
A: amphibious, slowness 1, strong legs 1, +LOS, deterioration 1, screaming 1,
inability to read while threatened
a: Hop, Renounce Religion


You were on level 3 of the Dungeon.
You worshipped Xom.
You were a special plaything of Xom.
You visited 1 branch of the dungeon, and saw 4 of its levels.

You collected 63 gold pieces.

Inventory:

Hand Weapons
 a - a +1 falchion of chaos (weapon)
 h - a +0 short sword of electrocution
Missiles
 d - 41 stones
Armour
 b - a +2 leather armour
 g - a +3 chain mail
 i - a +2 ring mail of fire resistance (worn)
Jewellery
 c - an amulet of magic regeneration (around neck)
Scrolls
 e - a scroll of immolation {unknown}
Potions
 k - a potion of haste


   Skills:
 + Level 4.4 Fighting
 + Level 5.0 Long Blades
 + Level 3.0 Armour
 + Level 1.8 Dodging
 + Level 0.5 Stealth


You had 3 spell levels left.
You didn't know any spells.
Your spell library was empty.

Dungeon Overview and Level Annotations

Branches:
Dungeon (4/15)
 Temple: D:4-7

Altars:
Hepliaklqana


Innate Abilities, Weirdness & Mutations

You are amphibious.
You cover ground slowly.
You can hop short distances.
You have an extended range of vision and can be seen from far away.
Your body sometimes deteriorates upon taking damage.
You occasionally shout uncontrollably at your foes.
You sometimes lose the ability to read scrolls when taking damage.


Message History

You hit the quokka.
The quokka is poisoned.
The quokka is heavily wounded.
The quokka closely misses you.
You riposte.
You hit the quokka.
You kill the quokka!
You start resting.
A dart slug is nearby!
Hop to where?
Press: ? - help, Q - select action, (/) - cycle Dir - move target, f - you
Okay, then.
Okay, then.
The dart slug closely misses you.
You hit the dart slug. You freeze the dart slug.
The dart slug is severely wounded.
The dart slug launches a dart at you. The slug dart hits you.
* * * LOW HITPOINT WARNING * * *
You hit the dart slug.
You kill the dart slug! "Whee!"
Your surroundings seem slightly different.
Your surroundings suddenly seem different.
Your surroundings suddenly seem different.
Your surroundings suddenly seem different.
Your surroundings seem slightly different.
Your surroundings suddenly seem different.
Your surroundings suddenly seem different.
Your surroundings suddenly seem different.
The jackal barks!
The orc priest shouts!
The orc priest calls down the wrath of Beogh upon you.
Beogh smites you!
You feel threatened and lose the ability to read scrolls!
* * * LOW HITPOINT WARNING * * *
The orc wizard shouts!
You hit the orc priest.
The orc priest is moderately wounded.
The orc priest hits you but does no damage.
The orc wizard casts a spell at you. The puff of flame hits you. You resist.
You die...
Xom guffaws!

#..>.....##........#
#.#
#....######........#
#.# ###..#
###.###....... #.##
..# #.###... ####
#.##### #..# #.#
.....##.....####.o#
..................
..............###
...h...h..o@..#
..............#
.......?......#
...o.$......†.#
...<.....(....#
............)##
.....##.....## ####
#######


You could see an orc priest, 2 orc wizards and 2 jackals.

Vanquished Creatures
  2 adders (D:3)
  2 worms
  A dart slug (D:3)
  2 orcs
  7 endoplasms (D:1)
  7 giant cockroaches
  3 hobgoblins (D:1)
  4 jackals
  4 kobolds
  5 quokkas
  2 ball pythons
  2 bats
  5 frilled lizards
  4 goblins
  7 rats
57 creatures vanquished.

Vanquished Creatures (others)
  7 fungi (D:2)
  4 plants (D:2)
11 creatures vanquished.

Grand Total: 68 creatures vanquished

Notes
Turn   | Place    | Note
-------+----------+-------------------------------------------
     0 | D:1      | croobank the Barachi Chaos Knight began the quest for the
                  | Orb.
     0 | D:1      | Reached XP level 1. HP: 18/18 MP: 1/1
     1 | D:1      | Found a runed translucent door.
   242 | D:1      | Reached skill level 4 in Long Blades
   288 | D:1      | Reached XP level 2. HP: 25/25 MP: 2/2
   418 | D:1      | XOM: cloud trail
   696 | D:1      | XOM: silly message
  1023 | D:1      | XOM: potion effect (curing)
  1029 | D:1      | Reached XP level 3. HP: 27/30 MP: 3/3
  1264 | D:2      | XOM: smoke on damage
  1501 | D:2      | XOM: silly message
  1664 | D:2      | Found a hazy altar of Hepliaklqana.
  1982 | D:2      | Reached XP level 4. HP: 36/38 MP: 4/4
  2009 | D:2      | Found a faded altar of an unknown god.
  2132 | D:3      | XOM: give mutations
  2132 | D:3      | Gained mutation: You sometimes lose the ability to read
                  | scrolls when taking damage. [Xom's mischief]
  2132 | D:3      | Gained mutation: You occasionally shout uncontrollably at
                  | your foes. [Xom's mischief]
  2132 | D:3      | Gained mutation: Your body sometimes deteriorates upon
                  | taking damage. [Xom's mischief]
  2315 | D:3      | Reached skill level 5 in Long Blades
  2368 | D:3      | XOM: 1-stop teleportation journey
  2376 | D:3      | HP: 1/38 [orc priest/divine providence (9)]
  2382 | D:3      | HP: 1/38 [jackal (1)]
  2405 | D:3      | XOM: 1-stop teleportation journey
  2529 | D:3      | XOM: 8-stop teleportation journey
  2531 | D:3      | Killed from afar by an orc wizard

Illustrated notes

Levels and vault maps discovered:
D:1:      dpeg_arrival_caged_fury, layout_basic, serial_park_tiny_2
D:2:      layout_basic, basic_altar, dreamdust_ecumenical_altar_grove
D:3:      layout_rooms, uniq_grinder
D:4:      layout_cave_pools, gammafunk_ghost_cemetery, minmay_pentomino_pile

Skill      XL: |  1  2  3  4 |
---------------+-------------+-----
Long Blades    | 4 5 |  5.0
Fighting       | 4 |  4.4
Armour         | 3 |  3.0
Dodging        | |  1.8
Stealth        | |  0.5

Action                   |  1- 3 |  4- 6 || total
-------------------------+-------+-------++-------
Melee: Falchion          |   133 |    50 ||   183
 Abil: Hop               |       |     1 ||     1
  Use: Scroll            |     4 |       ||     4
       Potion            |       |     4 ||     4
 Stab: Paralysed         |     3 |       ||     3
Armor: Leather armour    |    47 |       ||    47
       Ring mail         |     8 |    52 ||    60
Dodge: Dodged            |    60 |    54 ||   114
       Rpst.: Falchion   |    18 |    11 ||    29
